Map: Cactus Valley LE (Void)

Players

Musumeci

  • Race: Zerg Zerg
  • League: Diamond
  • Spawn Location: 11:00

Pico - Winner!

  • Race: Zerg Zerg
  • League: Diamond
  • Spawn Location: 7:00

VOD

Have the link to the VOD?

Description

Time

  • Played on: March 23, 2017, 9:46 a.m.
  • Length: 9:48
Show
View Real Time Build Order
Export as new Build Order

Musumeci Zerg 

Build Orders: Hatch First, Muta Ling Bane 

Get SALT Encoding   

  12  0:01  Drone  
  13  0:08  Drone  
  14  0:18  Overlord  
  14  0:27  Extractor  
  14  0:28  Drone  
  15  0:36  Drone x2  
  17  0:54  Hatchery  
  16  0:57  Drone  
  17  1:13  Spawning Pool  
  17  1:17  Drone  
  17  1:18  Extractor  
  16  1:19  Drone  
  16  1:23  Drone  
  18  1:28  Drone  
  19  1:39  Overlord  
  19  1:56  Drone  
  19  2:00  Queen  
  22  2:02  Zergling x2  
  22  2:06  Queen  
  25  2:10  Drone  
  25  2:12  Drone  
  27  2:17  Drone  
  28  2:26  Metabolic Boost  
  29  2:30  Drone  
  29  2:34  Drone  
  29  2:35  Queen  
  33  2:37  Drone  
  33  2:46  Drone x2  
  33  2:50  Baneling Nest  
  33  3:08  Zergling x2  
  33  3:09  Zergling x4  
  36  3:16  Overlord  
  36  3:17  Overlord  
  36  3:38  Zergling x4  
  36  3:39  Drone x4  
  42  3:44  Drone  
  42  3:45  Drone x2  
  45  4:09  Overlord x2  
  45  4:16  Baneling x2  
  45  4:19  Hatchery  
  45  4:20  Lair  
  44  4:30  Baneling  
  44  4:31  Baneling  
  44  4:37  Drone  
  44  4:38  Drone x3  
  48  4:40  Overlord x2  
  48  4:44  Extractor  
  48  4:45  Drone x2, Extractor  
  47  4:46  Drone, Extractor  
  47  4:52  Drone  
  49  4:55  Drone x2  
  49  4:56  Drone  
  52  5:04  Zergling x4  
  54  5:14  Drone  
  54  5:17  Drone x2  
  54  5:19  Spire  
  55  5:29  Baneling x2  
  55  5:35  Drone x6  
  61  5:52  Drone x4  
  61  5:54  Extractor  
  62  6:14  Drone x3  
  62  6:16  Drone x3  
  62  6:17  Extractor  
  67  6:18  Overlord x3  
  67  6:32  Mutalisk x3  
  73  6:45  Mutalisk x7  
  86  6:49  Overseer  
  86  6:54  Drone x4  
  86  6:55  Drone x2  
  92  7:04  Zergling x10  
  97  7:15  Hatchery  
  96  7:17  Overlord  
  96  7:18  Overlord x4  
  96  7:26  Baneling x9  
  96  7:27  Centrifical Hooks  
  94  7:44  Overseer  
  94  7:46  Pneumatized Carapace  
  94  7:49  Zergling x10  
  94  7:50  Mutalisk x4  
  107  8:10  Mutalisk x4  
  113  8:14  Baneling  
  113  8:15  Baneling  
  113  8:21  Baneling  
  113  8:22  Baneling x4  
  109  8:48  Baneling x6  
  109  8:49  Zergling x4  
  109  8:50  Zergling x26  
  124  9:15  Mutalisk x6  
Show
View Real Time Build Order
Export as new Build Order

Pico Zerg - Winner!

Build Orders: Hatch First, Lurkers 

Get SALT Encoding   

  12  0:01  Drone  
  13  0:12  Overlord  
  13  0:17  Drone  
  14  0:30  Drone x2  
  14  0:34  Drone  
  17  0:53  Hatchery  
  17  0:55  Drone  
  17  0:58  Drone  
  17  1:03  Extractor  
  17  1:07  Drone  
  18  1:17  Spawning Pool  
  17  1:20  Drone  
  18  1:28  Drone  
  19  1:38  Drone  
  20  1:49  Overlord  
  20  2:01  Drone  
  20  2:03  Metabolic Boost  
  20  2:06  Drone  
  20  2:07  Queen x2  
  26  2:11  Drone  
  27  2:17  Drone  
  27  2:21  Drone  
  29  2:27  Drone  
  30  2:32  Zergling x2  
  31  2:37  Overlord  
  31  2:43  Queen  
  33  2:47  Queen  
  33  2:49  Drone  
  36  2:58  Drone x2  
  38  3:07  Drone x2  
  40  3:14  Drone  
  41  3:20  Drone x3  
  41  3:23  Overlord  
  41  3:26  Hatchery  
  43  3:32  Overlord  
  44  3:34  Zergling x2  
  44  3:39  Roach Warren  
  43  3:44  Zergling x2  
  43  3:45  Zergling x6  
  47  4:01  Drone  
  47  4:02  Drone  
  48  4:04  Drone, Extractor  
  48  4:05  Drone x3  
  50  4:14  Zergling x6  
  53  4:26  Lair  
  53  4:30  Roach x3  
  59  4:31  Overlord  
  59  4:32  Overlord  
  59  4:39  Queen  
  59  4:40  Drone x2  
  59  4:41  Overlord  
  59  4:43  Overlord  
  63  4:45  Overlord  
  63  4:55  Drone  
  63  4:56  Drone x7  
  63  4:57  Overlord  
  71  5:08  Extractor  
  71  5:09  Drone x2, Extractor  
  71  5:10  Drone  
  71  5:11  Drone  
  73  5:17  Drone  
  73  5:18  Evolution Chamber  
  73  5:25  Glial Reconstitution  
  73  5:28  Hydralisk Den  
  73  5:30  Drone x3  
  73  5:32  Overlord  
  73  5:33  Drone x2  
  77  5:42  Roach x6  
  89  5:47  Zerg Missile Weapons Level 1  
  89  5:49  Drone  
  90  5:54  Drone x2  
  90  5:55  Drone  
  93  5:57  Drone  
  93  5:59  Drone x2  
  93  6:00  Hydralisk x3  
  102  6:09  Muscular Augments  
  92  6:12  Drone  
  92  6:13  Drone x4  
  97  6:30  Drone  
  97  6:31  Drone x4  
  102  6:33  Drone x2, Extractor x2  
  102  6:37  Drone x2  
  102  6:38  Drone x3  
  102  6:39  Drone  
  108  6:45  Hatchery  
  103  6:48  Hydralisk x4  
  111  6:54  Hydralisk  
  111  6:56  Overlord x2  
  113  7:07  Overlord x2  
  113  7:08  Overlord  
  113  7:18  Hydralisk x6  
  125  7:23  Spore Crawler  
  125  7:24  Spore Crawler  
  125  7:26  Spore Crawler  
  125  7:27  Hydralisk x2  
  126  7:31  Lurker Den  
  126  7:34  Overlord  
  126  7:39  Pneumatized Carapace  
  126  7:41  Overseer  
  126  7:44  Overlord x2  
  126  7:45  Overlord  
  126  7:52  Drone x6  
  132  8:01  Queen x2  
  134  8:17  Drone x6  
  134  8:19  Spore Crawler  
  137  8:20  Queen  
  137  8:21  Overlord  
  137  8:27  Drone x3  
  137  8:31  Hydralisk x4  
  137  8:33  Unknown  
  145  8:47  Drone, Extractor  
  145  8:50  Drone x3, Extractor  
  145  8:51  Drone x3, Extractor  
  145  8:52  Drone x3  
  145  8:53  Drone  
  145  8:54  Hydralisk x4  
  161  8:57  Lurker  
  161  8:58  Lurker x3  
  161  8:59  Lurker  
  160  9:17  Hydralisk x7  
Tags
 
Add a new tag
Caveats
  • Supply blocks, unpowered buildings, or Contaminate may cause inaccurate times.
  • Supply counts are checked every 10 seconds.